 Dungeon Crawl Stone Soup version 0.17.0-24-gcfadda4 (webtiles) character file.

84 Ordine the Changer (level 4, -1/35 HPs)
             Began as a Draconian Transmuter on Nov 15, 2015.
             Slain by a worker ant (7 damage)
             ... on level 2 of the Dungeon.
             The game lasted 00:08:59 (3311 turns).

Ordine the Changer (Draconian Transmuter)           Turns: 3311, Time: 00:08:59

Health: -1/35      AC:  6    Str: 13    XL:     4   Next: 24%
Magic:  7/7        EV: 12    Int: 14    God:
Gold:   149        SH:  0    Dex: 11    Spells: 2 memorised, 3 levels left

rFire  . . .     SeeInvis .       - Unarmed
rCold  . . .     Clarity  .     (armour unavailable)
rNeg   . . .     SustAt   .     (no shield)
rPois  .         Gourm    .     (helmet restricted)
rElec  .         Spirit   .     i - +0 cloak
rCorr  .         Warding  .     (no gloves)
rMut   .         Stasis   .     (boots currently unavailable)
MR     .....                    (no amulet)
Stlth  +.........               (no ring)
                                (no ring)

@: lethally poisoned (-1 -> -2), appendage, not resistant to hostile
enchantments, very unstealthy
A: unfitting armour, talons 3, cold-blooded, AC +5
a: End Transformation


You were on level 2 of the Dungeon.
You were not hungry.
You had grown temporary talons.
You visited 1 branch of the dungeon, and saw 3 of its levels.

You collected 149 gold pieces.

Inventory:

Armour
 i - a +0 cloak (worn)
Jewellery
 g - an uncursed amulet of stasis
Scrolls
 a - 4 scrolls of teleportation
 l - a scroll of remove curse
 o - a scroll of enchant weapon
Potions
 d - a potion of invisibility {unknown}
 e - a potion of mutation {unknown}
 f - 3 potions of lignification
 h - 2 potions of brilliance
 j - 2 potions of curing
 m - a potion of might {unknown}
Books
 b - a book of Changes

   Spells                             Type                      Level
   a - Beastly Appendage              Transmutation                1
   b - Sticks to Snakes               Transmutation                2
   c - Spider Form                    Transmutation/Poison         3
   d - Ice Form                       Ice/Transmutation            4
   e - Blade Hands                    Transmutation                5
Comestibles
 c - 3 bread rations
 k - 4 fruits
 n - a chunk of flesh


   Skills:
 - Level 1.1 Fighting
 - Level 1.7 Dodging
 - Level 3.0 Unarmed Combat
 - Level 2.0 Spellcasting
 + Level 4.5 Transmutations


You had 3 spell levels left.
You knew the following spells:

 Your Spells              Type           Power        Failure   Level  Hunger
a - Beastly Appendage     Trmt           ##....       3%          1    ##.....
b - Spider Form           Trmt/Pois      #.........   30%         3    ####...


Dungeon Overview and Level Annotations

Branches:
Dungeon (3/15)

Altars:
Trog


Innate Abilities, Weirdness & Mutations

Your plain brown scales are hard (AC +5).
Your body does not fit into most forms of armour.
You are cold-blooded and may be slowed by cold attacks.
You have claws for feet.


Message History

You hit the worker ant. Your kick misses the worker ant.
The worker ant is heavily wounded.
You feel sick.
The worker ant bites you but does no damage.
You closely miss the worker ant.
The worker ant is heavily wounded.
The worker ant closely misses you.
You hit the worker ant.
You claw the worker ant, but do no damage.
The worker ant is severely wounded.
The worker ant bites you. x2
You hit the worker ant but do no damage.
The worker ant is severely wounded.
The worker ant bites you.
* * * LOW HITPOINT WARNING * * *
Your magical contamination has completely faded away.
You closely miss the worker ant.
The worker ant is severely wounded.
You feel sick. The worker ant bites you!
You die...

# #..#.# ##.###.......# #
#..#.####.## ##.####.#
#####........## ##.# #.#
#...#.#######.## ##.##
#.# ....#.# ##.###.## #.#
#...#.# ##.#..# #.#
##.##.###### #...#.# #.#
#.##......# #.###.#####.#
#.#######.###..@........#
#.# #........a.#######
#.######..###..####
#......<..# #..#
#########.###..######
#............#
#..###..####.# ###..#
#..# #.# #....# #..# #.#


You could see a worker ant.

Vanquished Creatures
  2 adders
  6 worms
  A giant gecko (D:1)
  4 giant cockroaches
  4 goblins
  5 hobgoblins
  3 jackals (D:2)
  A quokka (D:3)
  2 ball pythons
  9 bats
  3 giant newts (D:1)
  3 kobolds
  8 rats
51 creatures vanquished.

Notes
Turn   | Place    | Note
--------------------------------------------------------------
     0 | D:1      | Ordine the Draconian Transmuter began the quest for the Orb.
     0 | D:1      | Reached XP level 1. HP: 16/16 MP: 3/3
   248 | D:1      | Reached XP level 2. HP: 23/23 MP: 5/5
   829 | D:1      | Reached XP level 3. HP: 28/28 MP: 6/6
  1518 | D:2      | Learned a level 3 spell: Spider Form
  1618 | D:2      | Noticed a moth of wrath
  1621 | D:2      | Found a bloodstained altar of Trog.
  1664 | D:2      | Reached skill level 4 in Transmutations
  2547 | D:2      | Reached XP level 4. HP: 27/35 MP: 5/7
  3222 | D:3      | Noticed an ogre
  3311 | D:2      | Slain by a worker ant

Action                   |  1- 3 |  4- 6 || total
-------------------------+-------+-------++-------
Melee: Unarmed           |   180 |    79 ||   259
 Cast: Beastly Appendage |    10 |     3 ||    13
  Use: Scroll            |     5 |     3 ||     8
  Eat: Chunk             |     5 |     3 ||     8
